[Event "GambitGuide"]
[Site "Internet Chess Club"]
[Date "2014.10.30"]
[Round "1"]
[White "JSBach"]
[Black "kaens"]
[Result "0-1"]
[ICCResult "White checkmated"]
[WhiteElo "1652"]
[BlackElo "2439"]
[Opening "Vienna: `Frankenstein-Dracula' variation"]
[ECO "C27"]
[NIC "VG.02"]
[Time "18:26:59"]
[TimeControl "120+12"]

1. e4 e5 2. Nc3 Nf6 3. Bc4 Nxe4 4. Qh5 Nd6 5. Bb3 Nc6 6. Nb5 g6 7. Qf3 f5 8.
Qd5 Qe7 9. Nxc7+ Kd8 10. Nxa8 b6 11. Ba4 Bb7 12. Nxb6 axb6 13. Qb3 Kc7 14.
Ne2 Qg5 15. O-O h5 16. Re1 h4 17. d4 Qf6 18. dxe5 Nxe5 19. Qc3+ Kb8 20. f4
Ng4 21. Bxd7 Ne4 22. Qxf6 Ngxf6 23. Be6 Bc5+ 24. Kf1 Ng4 25. Ng1 Nxh2+ 26.
Ke2 Re8 27. Nf3 Nxf3 28. gxf3 Rxe6 29. fxe4 Rxe4+ 30. Be3 Rxe3+ 31. Kd2 Rxe1
32. Rxe1 h3 33. Re8+ Ka7 34. Rh8 Bg2 35. Rh7+ Ka6 36. Rh6 Bg1 37. Rxg6 h2
38. Rh6 h1=Q 39. Rxh1 Bxh1 40. a4 b5 41. axb5+ Kxb5 42. b3 Be4 43. c3 Bc5
44. b4 Bb6 45. Ke2 Kc4 46. Kd2 Bc7 47. Ke3 Bd6 48. b5 Kxb5 49. Kd4 Kc6 50.
c4 Bxf4 51. Kc3 Kc5 52. Kb3 Be3 53. Ka2 f4 54. Kb2 f3 55. Kc3 f2 56. Kb3
f1=Q 57. Ka3 Qb1 58. Ka4 Qb4# {White checkmated} 0-1

[Event "GambitGuide"]
[Site "Internet Chess Club"]
[Date "2014.10.30"]
[Round "1"]
[White "JSBach"]
[Black "Wannabet"]
[Result "1-0"]
[ICCResult "Black resigns"]
[WhiteElo "1652"]
[BlackElo "1436"]
[Opening "Vienna: `Frankenstein-Dracula' variation"]
[ECO "C27"]
[NIC "VG.02"]
[Time "18:28:50"]
[TimeControl "120+12"]

1. e4 e5 2. Nc3 Nf6 3. Bc4 Nxe4 4. Qh5 Nd6 5. Bb3 Nc6 6. Nb5 g6 7. Qf3 f5 8.
Qd5 Qe7 9. Nxc7+ Kd8 10. Nxa8 b6 11. Ba4 Bb7 12. Nxb6 axb6 13. Qb3 Kc7 14.
Ne2 Bg7 15. O-O h5 16. Re1 Qh4 17. d3 f4 18. Nc3 Nd4 19. Nd5+ Bxd5 20. Qxd5
Rf8 21. c3 N4f5 22. c4 Ne7 23. Qf3 Qg5 24. Bd2 h4 25. Bb4 h3 26. Bxd6+ Kxd6
27. Qxh3 f3 28. Qxd7+ Kc5 29. Qc7+ Kd4 30. Qd6+ {Black resigns} 1-0

[Event "GambitGuide"]
[Site "Internet Chess Club"]
[Date "2014.10.30"]
[Round "1"]
[White "JSBach"]
[Black "DOXDURAN"]
[Result "1-0"]
[ICCResult "Black resigns"]
[WhiteElo "1652"]
[BlackElo "1629"]
[Opening "Vienna: `Frankenstein-Dracula' variation"]
[ECO "C27"]
[NIC "VG.02"]
[Time "18:27:34"]
[TimeControl "120+12"]

1. e4 e5 2. Nc3 Nf6 3. Bc4 Nxe4 4. Qh5 Nd6 5. Bb3 Nc6 6. Nb5 g6 7. Qf3 f5 8.
Qd5 Qe7 9. Nxc7+ Kd8 10. Nxa8 b6 11. Ba4 Bb7 12. Nxb6 axb6 13. Qb3 b5 14.
Nf3 bxa4 15. Qxa4 Nc8 16. Qb5 d6 17. b4 Bg7 18. Bb2 Qd7 19. a4 Nb8 20. Qxd7+
Kxd7 21. Ra3 Nb6 22. a5 Nc4 23. Rb3 Nxb2 24. Rxb2 Rc8 25. Nh4 e4 26. c3 Ke6
27. f4 exf3 28. Nxf3 Bxf3 29. gxf3 Kd5 30. b5 Kc5 31. b6 Rc6 32. Ke2 Na6 33.
Re1 Kd5 34. Kd1 Be5 35. h4 Bg3 36. Re7 Bxh4 37. Ra7 Nc5 38. a6 Nxa6 39. Rxa6
Rc8 40. b7 Rb8 41. Ra8 Kc5 42. Rxb8 {Black resigns} 1-0

[Event "GambitGuide"]
[Site "Internet Chess Club"]
[Date "2014.10.30"]
[Round "1"]
[White "JSBach"]
[Black "KnightOfNee"]
[Result "1-0"]
[ICCResult "Black resigns"]
[WhiteElo "1652"]
[BlackElo "1505"]
[Opening "Vienna: `Frankenstein-Dracula' variation"]
[ECO "C27"]
[NIC "VG.02"]
[Time "18:26:15"]
[TimeControl "120+12"]

1. e4 e5 2. Nc3 Nf6 3. Bc4 Nxe4 4. Qh5 Nd6 5. Bb3 Nc6 6. Nb5 g6 7. Qf3 f5 8.
Qd5 Qe7 9. Nxc7+ Kd8 10. Nxa8 b6 11. Ba4 Bb7 12. Nxb6 axb6 13. Qb3 Nc8 14.
Nf3 Nd4 15. Nxd4 exd4+ 16. Kf1 Qb4 17. d3 Qxb3 18. Bxb3 Bd6 19. Bg5+ Kc7 20.
Bf6 Rd8 21. Bxd8+ Kxd8 22. Re1 Bb4 23. Rd1 Ne7 24. a3 Bd6 25. Re1 Bd5 26.
Bxd5 Nxd5 27. Ke2 Nf4+ 28. Kf3 g5 29. h3 h5 30. a4 Ne6 31. Rhf1 g4+ 32. hxg4
hxg4+ 33. Ke2 Nf4+ 34. Kd2 Nxg2 35. Rd1 Bf4+ 36. Ke2 Bg5 37. Rg1 Nf4+ 38.
Ke1 Ke7 39. Rh1 Kd6 40. Rh7 Ng2+ 41. Kf1 Nf4 42. Re1 Ne6 43. Rf7 f4 44. Rf5
Bd8 45. Kg2 Bc7 46. Re4 Kc6 47. Rf7 f3+ 48. Kh1 Ng5 49. Rf6+ d6 50. Rxg4 Nh3
51. Rxf3 Nxf2+ 52. Rxf2 {Black resigns} 1-0

[Event "GambitGuide"]
[Site "Internet Chess Club"]
[Date "2014.10.30"]
[Round "1"]
[White "JSBach"]
[Black "Riltus1"]
[Result "1-0"]
[ICCResult "Black resigns"]
[WhiteElo "1652"]
[BlackElo "1236"]
[Opening "Vienna: `Frankenstein-Dracula' variation"]
[ECO "C27"]
[NIC "VG.02"]
[Time "18:29:23"]
[TimeControl "120+12"]

1. e4 e5 2. Nc3 Nf6 3. Bc4 Nxe4 4. Qh5 Nd6 5. Bb3 Nc6 6. Nb5 g6 7. Qf3 f5 8.
Qd5 Qe7 9. Nxc7+ Kd8 10. Nxa8 b6 11. Ba4 Nb4 12. Qb3 a5 13. Nxb6 Nxc2+ 14.
Qxc2 Bg7 15. Qc3 e4 16. Nxc8 Bxc3 17. Nxe7 Kxe7 18. dxc3 Nc4 19. Bb5 Nd6 20.
c4 {Black resigns} 1-0

[Event "GambitGuide"]
[Site "Internet Chess Club"]
[Date "2014.10.30"]
[Round "1"]
[White "JSBach"]
[Black "Chanchito"]
[Result "1-0"]
[ICCResult "Black forfeits on time"]
[WhiteElo "1674"]
[BlackElo "1946"]
[Opening "Vienna: `Frankenstein-Dracula' variation"]
[ECO "C27"]
[NIC "VG.02"]
[Time "18:20:32"]
[TimeControl "120+12"]

1. e4 e5 2. Nc3 Nf6 3. Bc4 Nxe4 4. Qh5 Nd6 5. Bb3 Nc6 6. Nb5 g6 7. Qf3 f5 8.
Qd5 Qe7 9. Nxc7+ Kd8 10. Nxa8 b6 11. Ba4 Bb7 12. Nxb6 axb6 13. Qb3 Kc7 14.
Nf3 Bg7 15. O-O e4 16. Re1 Qf7 17. Ng5 Qxb3 18. Bxb3 Nd4 19. Re3 Nxb3 20.
Rxb3 Bc6 21. Re3 Bh6 22. h4 Bxg5 23. hxg5 h5 24. d4 Ra8 25. Rc3 Kb7 26. Be3
Nb5 27. Rc4 Nc7 28. b3 b5 29. Rc5 d6 30. Rxc6 Kxc6 31. c4 d5 32. cxb5+ Kxb5
33. a4+ Kb4 34. Rc1 Ne6 35. Rc6 Re8 36. Rb6+ Kc3 37. g3 h4 38. gxh4 f4 39.
Bc1 Nxd4 40. Kf1 Nxb3 41. Bxf4 Ra8 42. Rxg6 Rxa4 43. Rc6+ Kd3 44. Rb6 Nd4
45. Bd6 Nf3 46. Bg3 d4 47. Rb2 Kc3 48. Rb7 d3 49. Rc7+ Kd4 50. Rd7+ Kc3 51.
g6 Ra1+ 52. Kg2 d2 53. g7 Ra8 54. h5 Kc2 55. h6 Ne1+ 56. Kf1 Nd3 57. Rc7+
Kd1 58. h7 e3 59. fxe3 {Black forfeits on time} 1-0

[Event "GambitGuide"]
[Site "Internet Chess Club"]
[Date "2014.10.30"]
[Round "1"]
[White "JSBach"]
[Black "DOXDURAN"]
[Result "1-0"]
[ICCResult "Black resigns"]
[WhiteElo "1674"]
[BlackElo "1629"]
[Opening "Vienna: `Frankenstein-Dracula' variation"]
[ECO "C27"]
[NIC "VG.02"]
[Time "18:31:39"]
[TimeControl "120+12"]

1. e4 e5 2. Nc3 Nf6 3. Bc4 Nxe4 4. Qh5 Nd6 5. Bb3 Nc6 6. Nb5 g6 7. Qf3 f5 8.
Qd5 Qe7 9. Nxc7+ Kd8 10. Nxa8 b6 11. Ba4 Bb7 12. Nxb6 axb6 13. Qb3 b5 14.
Nf3 bxa4 15. Qxa4 e4 16. Nd4 Nxd4 17. Qxd4 Rg8 18. O-O Qg7 19. Qc5 Nc8 20.
Qb5 Bc6 21. Qa6 Qe5 22. d3 Qd5 23. dxe4 Qxe4 24. Qa5+ Ke8 25. Re1 Qxe1+ 26.
Qxe1+ Be7 27. Bg5 {Black resigns} 1-0

[Event "GambitGuide"]
[Site "Internet Chess Club"]
[Date "2014.10.30"]
[Round "1"]
[White "JSBach"]
[Black "ehud"]
[Result "1-0"]
[ICCResult "Black resigns"]
[WhiteElo "1674"]
[BlackElo "1366"]
[Opening "Vienna: `Frankenstein-Dracula' variation"]
[ECO "C27"]
[NIC "VG.02"]
[Time "18:31:15"]
[TimeControl "120+12"]

1. e4 e5 2. Nc3 Nf6 3. Bc4 Nxe4 4. Qh5 Nd6 5. Bb3 Nc6 6. Nb5 g6 7. Qf3 f5 8.
Qd5 Qe7 9. Nxc7+ Kd8 10. Nxa8 b6 11. Ba4 Bb7 12. Nxb6 axb6 13. Qb3 Nc8 14.
Ne2 Qb4 15. Qf7 Nd6 16. Qf6+ Kc7 17. Qxh8 Ne4 18. Bxc6 Bxc6 19. Qxe5+ Bd6
20. Qd4 Qa5 21. Qg7 Qc5 22. Nd4 Be5 23. Ne6+ {Black resigns} 1-0

[Event "GambitGuide"]
[Site "Internet Chess Club"]
[Date "2014.10.30"]
[Round "1"]
[White "JSBach"]
[Black "Wannabet"]
[Result "1-0"]
[ICCResult "Black resigns"]
[WhiteElo "1674"]
[BlackElo "1436"]
[Opening "Vienna: `Frankenstein-Dracula' variation"]
[ECO "C27"]
[NIC "VG.02"]
[Time "18:31:37"]
[TimeControl "120+12"]

1. e4 e5 2. Nc3 Nf6 3. Bc4 Nxe4 4. Qh5 Nd6 5. Bb3 Nc6 6. Nb5 g6 7. Qf3 f5 8.
Qd5 Qe7 9. Nxc7+ Kd8 10. Nxa8 b6 11. Ba4 Bb7 12. Nxb6 axb6 13. Qb3 b5 14.
Ne2 Ba6 15. Qd3 e4 16. Qe3 Kc7 17. Nf4 Qe5 18. Bb3 Nc4 19. Qc3 Qxf4 20. Qxh8
{Black resigns}
1-0

[Event "GambitGuide"]
[Site "Internet Chess Club"]
[Date "2014.10.30"]
[Round "1"]
[White "JSBach"]
[Black "waynehatcher"]
[Result "1-0"]
[ICCResult "Black resigns"]
[WhiteElo "1674"]
[BlackElo "1858"]
[Opening "Vienna: `Frankenstein-Dracula' variation"]
[ECO "C27"]
[NIC "VG.02"]
[Time "18:28:39"]
[TimeControl "120+12"]

1. e4 e5 2. Nc3 Nf6 3. Bc4 Nxe4 4. Qh5 Nd6 5. Bb3 Nc6 6. Nb5 g6 7. Qf3 f5 8.
Qd5 Qe7 9. Nxc7+ Kd8 10. Nxa8 b6 11. Ba4 Bb7 12. Nxb6 axb6 13. Qb3 Nc8 14.
Ne2 h6 15. Bb5 Rh7 16. Rb1 Rg7 17. a4 Qb4 18. Qc4 Qxc4 19. Bxc4 Nb8 20. O-O
d5 21. Bb3 Bc5 22. d4 exd4 23. Re1 g5 24. Rd1 Re7 25. Ng3 Nd6 26. Bd2 f4 27.
Nh5 Rf7 28. Re1 Kc7 29. a5 Bc8 30. Bxd5 Rf5 31. axb6+ Bxb6 32. Bf3 Bb7 33.
Ng7 Rf6 34. Re7+ Kc8 35. Bg4+ Kd8 36. Rbe1 Bc6 37. Nh5 Rf8 38. Bb4 Bc7 39.
Ng7 Bd7 40. Rxd7+ Nxd7 41. Ne6+ Ke7 42. Nxc7+ Kf7 43. Bxd6 Rc8 44. Bxd7
{Black resigns}
1-0

[Event "GambitGuide"]
[Site "Internet Chess Club"]
[Date "2014.10.30"]
[Round "1"]
[White "JSBach"]
[Black "Wannabet"]
[Result "1-0"]
[ICCResult "Black resigns"]
[WhiteElo "1674"]
[BlackElo "1436"]
[Opening "Vienna: `Frankenstein-Dracula' variation"]
[ECO "C27"]
[NIC "VG.02"]
[Time "18:33:15"]
[TimeControl "120+12"]

1. e4 e5 2. Nc3 Nf6 3. Bc4 Nxe4 4. Qh5 Nd6 5. Bb3 Nc6 6. Nb5 g6 7. Qf3 f5 8.
Qd5 Qe7 9. Nxc7+ Kd8 10. Nxa8 b6 11. Ba4 Bb7 12. Nxb6 axb6 13. Qb3 Kc7 14.
Ne2 h5 15. Nc3 Ne4 16. Nd5+ {Black resigns} 1-0

[Event "GambitGuide"]
[Site "Internet Chess Club"]
[Date "2014.10.30"]
[Round "1"]
[White "JSBach"]
[Black "janp"]
[Result "1-0"]
[ICCResult "Black resigns"]
[WhiteElo "1674"]
[BlackElo "1400"]
[Opening "Vienna: `Frankenstein-Dracula' variation"]
[ECO "C27"]
[NIC "VG.02"]
[Time "18:30:11"]
[TimeControl "120+12"]

1. e4 e5 2. Nc3 Nf6 3. Bc4 Nxe4 4. Qh5 Nd6 5. Bb3 Nc6 6. Nb5 g6 7. Qf3 f5 8.
Qd5 Qe7 9. Nxc7+ Kd8 10. Nxa8 b6 11. Ba4 Bb7 12. Nxb6 axb6 13. Qb3 Nc8 14.
a3 Nd4 15. Qg3 f4 16. Qg4 b5 17. Bb3 Nxb3 18. cxb3 Bd5 19. a4 bxa4 20. bxa4
Be6 21. Qe2 Na7 22. Qxe5 Rg8 23. Qa5+ Ke8 24. Qe5 Nc8 25. Qxf4 Bc4+ 26. Qe3
Qxe3+ 27. dxe3 Nd6 28. a5 Bg7 29. a6 Bxa6 30. Rxa6 Kf7 31. Rxd6 {Black
resigns} 1-0

[Event "GambitGuide"]
[Site "Internet Chess Club"]
[Date "2014.10.30"]
[Round "1"]
[White "JSBach"]
[Black "Riltus1"]
[Result "1-0"]
[ICCResult "Black resigns"]
[WhiteElo "1676"]
[BlackElo "1236"]
[Opening "Vienna: `Frankenstein-Dracula' variation"]
[ECO "C27"]
[NIC "VG.02"]
[Time "18:32:54"]
[TimeControl "120+12"]

1. e4 e5 2. Nc3 Nf6 3. Bc4 Nxe4 4. Qh5 Nd6 5. Bb3 Nc6 6. Nb5 g6 7. Qf3 f5 8.
Qd5 Qe7 9. Nxc7+ Kd8 10. Nxa8 b6 11. Ba4 Bb7 12. Nxb6 axb6 13. Qb3 b5 14.
Nf3 bxa4 15. Qxa4 Nc8 16. Qb5 Qc5 17. Qxb7 Qxc2 18. Ng5 Bc5 19. Nf7+
{Black resigns}
1-0

[Event "GambitGuide"]
[Site "Internet Chess Club"]
[Date "2014.10.30"]
[Round "1"]
[White "JSBach"]
[Black "AngryWhopper"]
[Result "1-0"]
[ICCResult "Black resigns"]
[WhiteElo "1676"]
[BlackElo "2116"]
[Opening "Vienna: `Frankenstein-Dracula' variation"]
[ECO "C27"]
[NIC "VG.02"]
[Time "18:30:58"]
[TimeControl "120+12"]

1. e4 e5 2. Nc3 Nf6 3. Bc4 Nxe4 4. Qh5 Nd6 5. Bb3 Nc6 6. Nb5 g6 7. Qf3 f5 8.
Qd5 Qe7 9. Nxc7+ Kd8 10. Nxa8 b6 11. Ba4 Bb7 12. Nxb6 axb6 13. Qb3 Kc7 14.
Ne2 Qe6 15. Qxe6 dxe6 16. d3 Bg7 17. f3 Nd4 18. c3 Nxe2 19. Kxe2 Ra8 20. Bc2
f4 21. Rd1 Nf5 22. Bd2 Bc6 23. Re1 h5 24. Bb3 Kd6 25. Kf2 g5 26. Ke2 g4 27.
Rg1 Bf6 28. a3 Rg8 29. Kf2 Nh4 30. fxg4 hxg4 31. Kf1 g3 32. h3 Ke7 33. Bc2
Bg5 34. Re1 Kf6 35. Bb3 Kf5 36. a4 e4 37. dxe4+ Bxe4 38. Bxe6+ Kxe6 39.
Rxe4+ Kf5 40. Re1 Bf6 41. Ke2 Re8+ 42. Kd1 Rd8 43. Kc2 Rd5 44. c4 Rd6 45.
Bc3 Bg5 46. c5 bxc5 47. Re5+ Kg6 48. Rxc5 {Black resigns} 1-0

[Event "GambitGuide"]
[Site "Internet Chess Club"]
[Date "2014.10.30"]
[Round "1"]
[White "JSBach"]
[Black "Fifo25"]
[Result "1-0"]
[ICCResult "Black resigns"]
[WhiteElo "1696"]
[BlackElo "1509"]
[Opening "Vienna: `Frankenstein-Dracula' variation"]
[ECO "C27"]
[NIC "VG.02"]
[Time "18:29:09"]
[TimeControl "120+12"]

1. e4 e5 2. Nc3 Nf6 3. Bc4 Nxe4 4. Qh5 Nd6 5. Bb3 Nc6 6. Nb5 g6 7. Qf3 f5 8.
Qd5 Qe7 9. Nxc7+ Kd8 10. Nxa8 b6 11. Ba4 Bb7 12. Nxb6 axb6 13. Qb3 Kc7 14.
Ne2 Ba6 15. Nc3 Bc4 16. Nd5+ Bxd5 17. Qxd5 Bh6 18. a3 Ra8 19. Bb3 Qg5 20. d4
Qe7 21. Bxh6 exd4+ 22. Kf1 Ra5 23. Qg8 Re5 24. Bg7 Re2 25. Rd1 Rxf2+ 26.
Kxf2 Qe3+ 27. Kf1 Ne4 28. Bxd4 Nxd4 29. Qc4+ Nc6 30. Qe2 Qf4+ 31. Kg1 Qe5
32. c4 Qc5+ 33. Kf1 Nd4 34. Rxd4 Qxd4 35. Ke1 Qe5 36. Kd1 Qd4+ 37. Kc1 Nc5
38. Bc2 b5 39. cxb5 Qd5 40. Rd1 Qa2 41. Qe5+ Kc8 42. Qxc5+ {Black resigns}
1-0

[Event "GambitGuide"]
[Site "Internet Chess Club"]
[Date "2014.10.30"]
[Round "1"]
[White "JSBach"]
[Black "franco"]
[Result "1-0"]
[ICCResult "Black checkmated"]
[WhiteElo "1696"]
[BlackElo "1392"]
[Opening "Vienna: `Frankenstein-Dracula' variation"]
[ECO "C27"]
[NIC "VG.02"]
[Time "18:31:29"]
[TimeControl "120+12"]

1. e4 e5 2. Nc3 Nf6 3. Bc4 Nxe4 4. Qh5 Nd6 5. Bb3 Nc6 6. Nb5 g6 7. Qf3 f5 8.
Qd5 Qe7 9. Nxc7+ Kd8 10. Nxa8 b6 11. Ba4 Bb7 12. Nxb6 axb6 13. Qb3 Kc7 14.
Ne2 Bg7 15. Rb1 Ra8 16. O-O Na5 17. Qd3 Ba6 18. Qd5 Bb7 19. Nc3 Bxd5 20.
Nxd5+ Kd8 21. Nxe7 Kxe7 22. c3 Ndc4 23. d3 Nd6 24. g3 Ndb7 25. Bg5+ Kf8 26.
Bxd7 h6 27. Be3 Rd8 28. Ba4 Nc5 29. Bb5 Nab7 30. b4 Nd7 31. Rbd1 Ke7 32. Bc6
Rc8 33. Bxb7 Rxc3 34. d4 exd4 35. Bxd4 Bxd4 36. Rxd4 Ne5 37. Re1 Kf6 38.
Rd6+ Ke7 39. Rxb6 Kf7 40. Bd5+ Kg7 41. Rxe5 Rc1+ 42. Kg2 Rc2 43. Re7+ Kf8
44. Rf7+ Ke8 45. Rb8+ Rc8 46. Rxc8# {Black checkmated} 1-0

[Event "GambitGuide"]
[Site "Internet Chess Club"]
[Date "2014.10.30"]
[Round "1"]
[White "JSBach"]
[Black "Wannabet"]
[Result "1-0"]
[ICCResult "Black resigns"]
[WhiteElo "1696"]
[BlackElo "1436"]
[Opening "Vienna: `Frankenstein-Dracula' variation"]
[ECO "C27"]
[NIC "VG.02"]
[Time "18:34:04"]
[TimeControl "120+12"]

1. e4 e5 2. Nc3 Nf6 3. Bc4 Nxe4 4. Qh5 Nd6 5. Bb3 Nc6 6. Nb5 g6 7. Qf3 f5 8.
Qd5 Qe7 9. Nxc7+ Kd8 10. Nxa8 b6 11. Ba4 Bb7 12. Nxb6 axb6 13. Qb3 Kc7 14.
Ne2 Nd4 15. Nxd4 exd4+ 16. Kf1 Ne4 17. d3 Nc5 18. Qc4 Bg7 19. Bf4+ Kd8 20.
Re1 Qh4 21. Bg3 Qg4 22. f3 Qg5 23. Bd6 Bf6 24. h4 Qh6 25. Qf7 {Black
resigns} 1-0

[Event "GambitGuide"]
[Site "Internet Chess Club"]
[Date "2014.10.30"]
[Round "1"]
[White "JSBach"]
[Black "Fifo25"]
[Result "1-0"]
[ICCResult "Black resigns"]
[WhiteElo "1696"]
[BlackElo "1509"]
[Opening "Vienna: `Frankenstein-Dracula' variation"]
[ECO "C27"]
[NIC "VG.02"]
[Time "18:35:43"]
[TimeControl "120+12"]

1. e4 e5 2. Nc3 Nf6 3. Bc4 Nxe4 4. Qh5 Nd6 5. Bb3 Nc6 6. Nb5 g6 7. Qf3 f5 8.
Qd5 Qe7 9. Nxc7+ Kd8 10. Nxa8 b6 11. Ba4 Bb7 12. Nxb6 axb6 13. Qb3 Nd4 14.
Qxb6+ Kc8 15. Kf1 Qe6 16. Bb3 Nc4 17. Qxe6 {Black resigns} 1-0

[Event "GambitGuide"]
[Site "Internet Chess Club"]
[Date "2014.10.30"]
[Round "1"]
[White "JSBach"]
[Black "calabiyau"]
[Result "1-0"]
[ICCResult "Black resigns"]
[WhiteElo "1714"]
[BlackElo "1336"]
[Opening "Vienna: `Frankenstein-Dracula' variation"]
[ECO "C27"]
[NIC "VG.02"]
[Time "18:35:49"]
[TimeControl "120+12"]

1. e4 e5 2. Nc3 Nf6 3. Bc4 Nxe4 4. Qh5 Nd6 5. Bb3 Nc6 6. Nb5 g6 7. Qf3 f5 8.
Qd5 Qe7 9. Nxc7+ Kd8 10. Nxa8 b6 11. Ba4 Bb7 12. Nxb6 Nd4 13. Qc5 Bxg2 14.
Nd5 Qe6 15. Qa5+ Ke8 16. Nc7+ Kf7 17. Nxe6 Nxe6 18. Qxe5 Bxh1 19. Qxh8 Be4
20. Bxd7 Ke7 21. Bxe6 Kxe6 22. Qxf8 Bxc2 23. Qa8 Be4 24. Qxa7 {Black
resigns} 1-0

[Event "GambitGuide"]
[Site "Internet Chess Club"]
[Date "2014.10.30"]
[Round "1"]
[White "JSBach"]
[Black "AngryWhopper"]
[Result "1-0"]
[ICCResult "Black resigns"]
[WhiteElo "1714"]
[BlackElo "2116"]
[Opening "Vienna: `Frankenstein-Dracula' variation"]
[ECO "C27"]
[NIC "VG.02"]
[Time "18:37:10"]
[TimeControl "120+12"]

1. e4 e5 2. Nc3 Nf6 3. Bc4 Nxe4 4. Qh5 Nd6 5. Bb3 Nc6 6. Nb5 g6 7. Qf3 f5 8.
Qd5 Qe7 9. Nxc7+ Kd8 10. Nxa8 b6 11. Ba4 Bb7 12. Nxb6 axb6 13. Qb3 Kc7 14.
Ne2 Qe6 15. Qxe6 dxe6 16. d3 b5 17. Bb3 Kd7 18. f4 e4 19. dxe4 Nxe4 20. Be3
Bd6 21. O-O-O Ke7 22. Rhf1 Rc8 23. Rd3 Na5 24. Nd4 Ba6 25. Bxe6 b4 26. Bxc8
{Black resigns}
1-0

[Event "GambitGuide"]
[Site "Internet Chess Club"]
[Date "2014.10.30"]
[Round "1"]
[White "JSBach"]
[Black "Wannabet"]
[Result "1-0"]
[ICCResult "Black resigns"]
[WhiteElo "1714"]
[BlackElo "1436"]
[Opening "Vienna: `Frankenstein-Dracula' variation"]
[ECO "C27"]
[NIC "VG.02"]
[Time "18:36:19"]
[TimeControl "120+12"]

1. e4 e5 2. Nc3 Nf6 3. Bc4 Nxe4 4. Qh5 Nd6 5. Bb3 Nc6 6. Nb5 g6 7. Qf3 f5 8.
Qd5 Qe7 9. Nxc7+ Kd8 10. Nxa8 b6 11. Ba4 Bb7 12. Nxb6 axb6 13. Qb3 Kc7 14.
Ne2 Na5 15. Qg3 f4 16. Qg4 Qf7 17. d4 h5 18. Qh3 Nf5 19. dxe5 Bc5 20. Bxf4
Re8 21. e6+ {Black resigns} 1-0

[Event "GambitGuide"]
[Site "Internet Chess Club"]
[Date "2014.10.30"]
[Round "1"]
[White "JSBach"]
[Black "AngryWhopper"]
[Result "1-0"]
[ICCResult "Black resigns"]
[WhiteElo "1714"]
[BlackElo "2116"]
[Opening "Vienna: `Frankenstein-Dracula' variation"]
[ECO "C27"]
[NIC "VG.02"]
[Time "18:38:12"]
[TimeControl "120+12"]

1. e4 e5 2. Nc3 Nf6 3. Bc4 Nxe4 4. Qh5 Nd6 5. Bb3 Nc6 6. Nb5 g6 7. Qf3 f5 8.
Qd5 Qe7 9. Nxc7+ Kd8 10. Nxa8 b6 11. Ba4 Bb7 12. Nxb6 axb6 13. Qb3 Qe6 14.
Qxb6+ Ke7 15. Bb3 {Black resigns} 1-0

[Event "GambitGuide"]
[Site "Internet Chess Club"]
[Date "2014.10.30"]
[Round "1"]
[White "JSBach"]
[Black "Heian"]
[Result "1-0"]
[ICCResult "Black resigns"]
[WhiteElo "1714"]
[BlackElo "1562"]
[Opening "Vienna: `Frankenstein-Dracula' variation"]
[ECO "C27"]
[NIC "VG.02"]
[Time "18:37:28"]
[TimeControl "120+12"]

1. e4 e5 2. Nc3 Nf6 3. Bc4 Nxe4 4. Qh5 Nd6 5. Bb3 Nc6 6. Nb5 g6 7. Qf3 f5 8.
Qd5 Qe7 9. Nxc7+ Kd8 10. Nxa8 b6 11. Ba4 Bb7 12. Nxb6 axb6 13. Qb3 Kc7 14.
Ne2 Nd4 15. Nxd4 exd4+ 16. Kf1 Ba6+ 17. d3 Bg7 18. Bf4 Re8 19. Qb4 Qe2+ 20.
Kg1 Be5 21. Re1 Qg4 22. Bxe5 Re6 23. Bb3 {Black resigns} 1-0

[Event "GambitGuide"]
[Site "Internet Chess Club"]
[Date "2014.10.30"]
[Round "1"]
[White "JSBach"]
[Black "MacClassic"]
[Result "1-0"]
[ICCResult "Black resigns"]
[WhiteElo "1714"]
[BlackElo "1605"]
[Opening "Vienna: `Frankenstein-Dracula' variation"]
[ECO "C27"]
[NIC "VG.02"]
[Time "18:38:13"]
[TimeControl "120+12"]

1. e4 e5 2. Nc3 Nf6 3. Bc4 Nxe4 4. Qh5 Nd6 5. Bb3 Nc6 6. Nb5 g6 7. Qf3 f5 8.
Qd5 Qe7 9. Nxc7+ Kd8 10. Nxa8 b6 11. Ba4 Bb7 12. Nxb6 axb6 13. Qb3 b5 14.
Ne2 bxa4 15. Qxa4 Nb8 16. Qa7 Qe6 17. Qxb8+ Ke7 18. O-O Bh6 19. Qxh8
{Black resigns}
1-0

[Event "GambitGuide"]
[Site "Internet Chess Club"]
[Date "2014.10.30"]
[Round "1"]
[White "JSBach"]
[Black "Chanchito"]
[Result "1-0"]
[ICCResult "Black resigns"]
[WhiteElo "1714"]
[BlackElo "1946"]
[Opening "Vienna: `Frankenstein-Dracula' variation"]
[ECO "C27"]
[NIC "VG.02"]
[Time "18:32:34"]
[TimeControl "120+12"]

1. e4 e5 2. Nc3 Nf6 3. Bc4 Nxe4 4. Qh5 Nd6 5. Bb3 Nc6 6. Nb5 g6 7. Qf3 f5 8.
Qd5 Qe7 9. Nxc7+ Kd8 10. Nxa8 b6 11. Ba4 Bb7 12. Nxb6 axb6 13. Qb3 Kc7 14.
Ne2 Qe6 15. Qxe6 dxe6 16. d3 e4 17. d4 Ba6 18. Be3 Bxe2 19. Kxe2 Nc4 20.
Bf4+ Bd6 21. Bxd6+ Kxd6 22. Bxc6 Kxc6 23. Rab1 f4 24. b3 Na3 25. Rb2 b5 26.
c3 Kd5 27. h3 Rc8 28. Rc1 b4 29. c4+ Kxd4 30. Rd2+ Ke5 31. Rd7 h5 32. Rb7
Rd8 33. Rxb4 Ra8 34. c5 g5 35. c6 g4 36. Rc5+ Kd6 37. Rxh5 f3+ 38. gxf3
gxf3+ 39. Kf1 Nb1 40. a4 Rc8 41. Rd4+ Ke7 42. Rc5 Kf6 43. b4 e5 44. Rdd5 Rh8
45. c7 Rxh3 46. Rc6+ Kg5 47. Rxe5+ Kf4 48. Rf5+ Kg4 49. Rg6+ Kh4 50. Kg1 Nc3
51. Rh6+ Kg4 52. Rxh3 Ne2+ 53. Kh2 Kxf5 54. c8=Q+ {Black resigns} 1-0

[Event "GambitGuide"]
[Site "Internet Chess Club"]
[Date "2014.10.30"]
[Round "1"]
[White "JSBach"]
[Black "MacClassic"]
[Result "1-0"]
[ICCResult "Black checkmated"]
[WhiteElo "1714"]
[BlackElo "1605"]
[Opening "Vienna: `Frankenstein-Dracula' variation"]
[ECO "C27"]
[NIC "VG.02"]
[Time "18:38:39"]
[TimeControl "120+12"]

1. e4 e5 2. Nc3 Nf6 3. Bc4 Nxe4 4. Qh5 Nd6 5. Bb3 Nc6 6. Nb5 g6 7. Qf3 f5 8.
Qd5 Qe7 9. Nxc7+ Kd8 10. Nxa8 b6 11. Ba4 Bb7 12. Nxb6 axb6 13. Qb3 b5 14.
Nf3 bxa4 15. Qxa4 Kc7 16. O-O e4 17. Nd4 Nxd4 18. Qxd4 Bg7 19. Qa7 Ra8 20.
Qc5+ Bc6 21. Re1 Nc8 22. Qe3 d5 23. d4 Qb4 24. c3 Qd6 25. b3 h6 26. Bd2 g5
27. a4 f4 28. Qh3 Bd7 29. Qh5 Nb6 30. a5 Nc8 31. Qf7 Bf8 32. a6 Na7 33. c4
dxc4 34. Rac1 Kb6 35. Qxc4 Bb5 36. Qc3 Rc8 37. Qa5# {Black checkmated} 1-0

[Event "GambitGuide"]
[Site "Internet Chess Club"]
[Date "2014.10.30"]
[Round "1"]
[White "JSBach"]
[Black "MacClassic"]
[Result "1-0"]
[ICCResult "Black resigns"]
[WhiteElo "1714"]
[BlackElo "1605"]
[Opening "Vienna: `Frankenstein-Dracula' variation"]
[ECO "C27"]
[NIC "VG.02"]
[Time "18:39:49"]
[TimeControl "120+12"]

1. e4 e5 2. Nc3 Nf6 3. Bc4 Nxe4 4. Qh5 Nd6 5. Bb3 Nc6 6. Nb5 g6 7. Qf3 f5 8.
Qd5 Qe7 9. Nxc7+ Kd8 10. Nxa8 b6 11. Ba4 Bb7 12. Nxb6 axb6 13. Qb3 b5 14.
Nf3 bxa4 15. Qxa4 e4 16. Nd4 Nxd4 17. Qxd4 Bc6 18. Qxh8 {Black resigns} 1-0